 Dungeon Crawl Stone Soup version 0.29.1-12-g30fa7ad0bf (webtiles) character file.

Game seed: 1082421315361716151

77 Sanktem7 the Trooper (level 4, -1/41 HPs)
             Began as a Minotaur Fighter on Dec 16, 2022.
             Slain by a goblin
             ... wielding a +0 club
             ... led by Robin
              (4 damage)
             ... on level 2 of the Dungeon.
             The game lasted 00:01:40 (950 turns).

Sanktem7 the Trooper (Minotaur Fighter)              Turns: 950, Time: 00:01:41

Health: -1/41      AC:  7    Str: 23    XL:     4   Next: 13%
Magic:  3/3        EV:  9    Int:  5    God:
Gold:   88         SH:  4    Dex:  9    Spells: 3/3 levels left

rFire   . . .      SeeInvis .   a - +0 war axe {axe}
rCold   . . .      Faith    .   c - +0 buckler
rNeg    . . .      Spirit   .   b - +0 scale mail
rPois   .          Reflect  .   (helmet restricted)
rElec   .          Harm     .   (no cloak)
rCorr   .          Rampage  .   (no gloves)
Will    .....                   (no boots)
Stlth   ..........              (no amulet)
HPRegen 0.13/turn               (no ring)
MPRegen 0.08/turn               (no ring)

@: no status effects
A: horns 2, retaliatory headbutt
a: no special abilities


You were on level 2 of the Dungeon.
You visited 1 branch of the dungeon, and saw 2 of its levels.

You collected 88 gold pieces.


Innate Abilities, Weirdness & Mutations

You have a pair of horns on your head.
You reflexively headbutt those who attack you in melee.


   Skills:
 * Level 4.7 Fighting
 * Level 3.8 Axes
 + Level 4.2 Armour
 - Level 3.6 Shields


You had 3 spell levels left.
You didn't know any spells.
Your spell library was empty.

Inventory:

Hand Weapons
 a - a +0 war axe (weapon) {axe}
Missiles
 g - 11 stones (quivered) {throwing}
Armour
 b - a +0 scale mail (worn)
 c - a +0 buckler (worn)
 h - a +0 pair of boots
   (You found it on level 1 of the Dungeon)
Jewellery
 k - a ring of protection from cold
   (You found it on level 2 of the Dungeon)
Scrolls
 e - a scroll of noise {unknown}
 j - a scroll of poison {unknown}
 l - a scroll of enchant weapon {unknown}
 m - a scroll of identify {unknown}
Potions
 d - 2 potions of might
 f - 2 potions of degeneration {unknown}
 i - a potion of brilliance {unknown}

Dungeon Overview and Level Annotations

Branches:
Dungeon (2/15) Zot: 11019

Altars:
Vehumet

....######### .. ...#
#.... #.....# ... ...
#.... #.....####... #....
. #........gg# #.†).
..#.......g..#########....
.........g...##...........
#..........##...........
#....)#### #...........
##..)))@)####........###
#.....#)g)............###
#..#...#............).....
.. #####..................
. #........_.........
#....).............
##.................
#.........#.......
#........#####.###


You could see a goblin.


Message History

A goblin comes into view. It is wielding a +0 club.
The goblin hits you with a +0 dagger.
You see here a +0 club {mace}. 😕 HP[-1]
You take 1 damage, and now have 28/34 hp.
You slash the goblin!
You kill the goblin!
The goblin unwields a +0 club.
The goblin wields a +0 sling.
The goblin shoots a sling bullet.
The sling bullet hits you.
A goblin comes into view. It is wielding a +0 club. x2 😮 HP[-3]
You take 3 damage, and now have 25/34 hp.
A goblin comes into view. It is wielding a +0 club.
The goblin shouts!
A goblin comes into view. It is wielding a +0 dagger.
The goblin shoots a sling bullet.
The sling bullet hits you.
Things that are here:
a +0 dagger {short}; a goblin corpse; 😮 HP[-1]
You take 1 damage, and now have 24/34 hp.
You barely miss Robin. Robin hits you with a +0 mace.
The goblin shoots a sling bullet.
The sling bullet hits you but does no damage. 😮 HP[-1]
You take 1 damage, and now have 23/34 hp.
You hit Robin.
Robin roars a battlecry!
The goblins go into a battle-frenzy!
The goblin shoots a sling bullet.
You block the sling bullet. Robin barely misses you.
You hit Robin. You hit the goblin. Robin throws the goblin at you!
You block the goblin's attack.
You hit Robin but do no damage. Your headbutt misses Robin.
You barely miss the goblin. You slash the goblin!
You kill the goblin!
Robin throws the goblin at you! The goblin hits you with a +0 club.
The goblin unwields a +0 sling.
The goblin wields a +0 club.
The goblin hits you with a +0 club.
* * * LOW HITPOINT WARNING * * *
😨 HP[-8]
You take 8 damage, and now have 15/34 hp.
MASSIVE DAMAGE!! (PAUSE) Robin attacks as you move away!
Robin hits you but does no damage.
The goblin unwields a +0 club.
The goblin wields a +0 sling.
The goblin shoots a sling bullet.
The sling bullet hits you but does no damage.
Robin throws the goblin at you!
You closely miss the goblin. The goblin hits you with a +0 club.
* * * LOW HITPOINT WARNING * * *
The goblin barely misses you.
Robin throws the goblin at you! 😨 HP[-5]
You take 5 damage, and now have 10/34 hp.
You hit Robin but do no damage. You hit the goblin.
You kill the goblin!
You closely miss the goblin. You slash the goblin!
You kill the goblin!
Robin barely misses you. The goblin hits you but does no damage.
You barely miss Robin. You hit the hobgoblin. You closely miss the goblin.
Robin throws the goblin at you! The goblin closely misses you.
The goblin hits you with a +0 club.
* * * LOW HITPOINT WARNING * * *
You block Robin's attack. The goblin hits you with a +0 club.
* * * LOW HITPOINT WARNING * * *
The hobgoblin closely misses you. The goblin hits you with a +0 club.
* * * LOW HITPOINT WARNING * * *
You block the goblin's attack. 😱 HP[-8]
You take 8 damage, and now have 2/34 hp.
MASSIVE DAMAGE!! (PAUSE) Unknown command.
You hit Robin. Your headbutt misses Robin. You barely miss the goblin.
You slash the hobgoblin!
You kill the hobgoblin!
You hit the goblin.
You kill the goblin!
You slash the goblin!
You kill the goblin!
Robin throws the goblin at you!
* * * LOW HITPOINT WARNING * * *
The goblin closely misses you. 😱 HP[-1]
You take 1 damage, and now have 1/34 hp.
You closely miss Robin. You headbutt Robin.
You kill Robin!
You closely miss the goblin. You miss the goblin.
The goblin closely misses you. The goblin barely misses you.
You furiously retaliate!
You headbutt the goblin.
You have reached level 4!
You feel stronger. 😱 HP[+1] MP[+1]
You now have 41 max hp (+7).
Your mp is fully restored (3).
You slash the hobgoblin!
You kill the hobgoblin!
You barely miss the goblin. You hit the goblin.
You kill the goblin!
The goblin closely misses you. The goblin barely misses you.
You barely miss the goblin.
The goblin no longer looks unusually strong.
The goblin hits you but does no damage.
You completely miss the goblin. The goblin hits you with a +0 club.
You die...

Skill      XL: |  1  2 |
---------------+-------+-----
Fighting       | 4 |  4.7
Axes           | 3 |  3.8
Armour         | 4 |  4.2
Shields        | |  3.6

Action                   |  1- 3 |  4- 6 || total
-------------------------+-------+-------++-------
Melee: War axe           |    78 |     3 ||    81
       Headbutt          |     7 |       ||     7
Armor: Scale mail        |    50 |     1 ||    51
Dodge: Dodged            |    29 |     2 ||    31
Block: Buckler           |    19 |       ||    19

Levels and vault maps discovered:
D:1:      minmay_arrival_glassed_features, layout_basic
D:2:      minmay_alternating_diamond, layout_basic, basic_altar,
          ebering_ecumenical_altar_sacrificial, minmay_distorted, uniq_robin

Notes
Turn   | Place    | Note
-------+----------+-------------------------------------------
     0 | D:1      | Sanktem7 the Minotaur Fighter began the quest for the Orb.
     0 | D:1      | Reached XP level 1. HP: 19/19 MP: 0/0
     0 | D:1      | magus.rc [v1.9.6]
    86 | D:1      | Reached XP level 2. HP: 27/27 MP: 1/1
    96 | D:1      | Reached skill level 4 in Fighting
   128 | D:1      | Reached skill level 3 in Axes
   365 | D:1      | Reached skill level 4 in Armour
   370 | D:1      | Reached XP level 3. HP: 32/33 MP: 2/2
   559 | D:2      | Found a faded altar of an unknown god.
   875 | D:2      | Found a radiant altar of Vehumet.
   928 | D:2      | Noticed Robin
   945 | D:2      | HP: 6/34 [goblin/+0 club[Robin] (4)]
   945 | D:2      | HP: 2/34 [goblin/+0 club[Robin] (1)]
   947 | D:2      | Killed Robin
   948 | D:2      | Reached XP level 4. HP: 2/41 MP: 3/3
   950 | D:2      | Slain by a goblin

Vanquished Creatures
  Robin (D:2)
  An adder (D:2)
  3 dart slugs
  4 endoplasms
  11 goblins
  4 hobgoblins
  4 jackals (D:1)
  A quokka (D:1)
  3 ball pythons (D:1)
  6 bats (D:1)
  3 frilled lizards (D:2)
  4 kobolds
  2 rats (D:1)
47 creatures vanquished.

Table legend:
 A = Non-vault XP
 B = Vault XP
 C = Vault XP percentage of total XP
 D = Non-vault monster count
 E = Vault monster count
 F = Vault count percentage of total count
                 A         B        C        D         E       F
            +---------+---------+-------+---------+---------+-------
      Total |      76 |      34 |  30.9 |      35 |      12 |  25.5
            +---------+---------+-------+---------+---------+-------
        D:1 |      49 |       0 |   0.0 |      26 |       0 |   0.0
        D:2 |      27 |      34 |  55.7 |       9 |      12 |  57.1
            +---------+---------+-------+---------+---------+-------

Illustrated notes

Table legend:
 A = Kills in this place as a percentage of kills in entire the game.
 B = Kills by you in this place as a percentage of kills by you in the entire game.
 C = Kills by friends in this place as a percentage of kills by friends in the entire game.
 D = Other kills in this place as a percentage of other kills in the entire game.
 E = Experience gained in this place as a percentage of experience gained in the entire game.
 F = Experience gained in this place divided by the number of levels of this place that you have seen.
                   A       B       C       D       E      F
               +-------+-------+-------+-------+-------+----------------------
         Total | 100.0 | 100.0 |   N/A |   N/A | 100.0 |  55.0
       Dungeon | 100.0 | 100.0 |   N/A |   N/A | 100.0 |  55.0
               +-------+-------+-------+-------+-------+----------------------

Table legend: (Time is in decaauts)
 A = Elapsed time spent in this place.
 B = Non-inter-level travel time spent in this place.
 C = Inter-level travel time spent in this place.
 D = Time resting spent in this place.
 E = Time spent auto-exploring this place.
 F = Levels seen in this place.
 G = Mean time per level.
                   A        B        C        D        E       F      G
               +--------+--------+--------+--------+--------+-----+--------+
         Total |    979 |    947 |     32 |      0 |    743 |   2 |  489.5 |
       Dungeon |    979 |    947 |     32 |      0 |    743 |   2 |  489.5 |
               +--------+--------+--------+--------+--------+-----+--------+

Top non-repeatable levels by time:
     D:1: 574 daAuts
     D:2: 405 daAuts
